 Dungeon Crawl Stone Soup version 0.29.1-14-g9c671dbff4 (webtiles) character file.

Game seed: 1610691495161881890

375 sankara the Chopper (level 6, -2/55 HPs)
             Began as a Hill Orc Fighter on Feb 14, 2023.
             Killed from afar by an orc wizard (4 damage)
             ... with a magic dart
             ... on level 5 of the Dungeon.
             The game lasted 00:08:05 (4088 turns).

sankara the Chopper (Hill Orc Fighter)              Turns: 4088, Time: 00:08:10

Health: -2/55      AC:  9    Str: 19    XL:     6   Next: 72%
Magic:  6/6        EV: 10    Int: 10    God:
Gold:   192        SH:  8    Dex: 10    Spells: 1/5 levels left

rFire   . . .      SeeInvis .   a - +0 war axe
rCold   . . .      Faith    .   c - +0 buckler
rNeg    + . .      Spirit   .   z - +2 ring mail {rPois}
rPois   +          Reflect  .   E - +0 helmet
rElec   .          Harm     .   (no cloak)
rCorr   .          Rampage  .   (no gloves)
Will    .....                   (no boots)
Stlth   ..........              (no amulet)
HPRegen 0.18/turn               e - ring of positive energy
MPRegen 0.10/turn               (no ring)

@: mighty
A: large bone plates 1, evolution 1
a: no special abilities


You were on level 5 of the Dungeon.
You visited 1 branch of the dungeon, and saw 5 of its levels.

You collected 192 gold pieces.

Inventory:

Hand Weapons
 a - a +0 war axe (weapon)
Missiles
 o - 21 poisoned darts (quivered)
 v - 4 boomerangs
 F - 3 silver javelins
Armour
 b - a +0 scale mail
 c - a +0 buckler (worn)
 p - a +0 plate armour
 z - a +2 ring mail of poison resistance (worn)
 E - a +0 helmet (worn)
Jewellery
 e - a ring of positive energy (left hand)
 i - a ring of fire
 u - an amulet of faith
 x - a +4 ring of slaying
 A - a ring of wizardry
Wands
 q - a wand of paralysis (6)
 B - a wand of polymorph (6)
 G - a wand of quicksilver (14)
Scrolls
 m - a scroll of enchant weapon {unknown}
 n - a scroll of butterflies {unknown}
 r - a scroll of magic mapping {unknown}
 s - 5 scrolls of teleportation {unknown}
 t - 2 scrolls of poison {unknown}
 w - a scroll of blinking {unknown}
 y - 2 scrolls of noise {unknown}
 D - a scroll of identify {unknown}
Potions
 d - a potion of might
 f - a potion of heal wounds {unknown}
 g - 3 potions of curing {unknown}
 h - a potion of ambrosia {unknown}
 j - 3 potions of flight {unknown}
 k - 3 potions of mutation
 l - a potion of haste {unknown}
 C - 2 potions of attraction {unknown}
 H - a potion of lignification {unknown}


   Skills:
 + Level 4.9 Fighting
 * Level 5.8 Axes
 + Level 4.4 Armour
 + Level 4.4 Shields
 + Level 2.0 Summonings


You had one spell level left.
You knew the following spells:

 Your Spells              Type           Power      Damage    Failure   Level
a - Summon Small Mammal   Summ           16%        N/A       34%         1
b - Call Canine Familiar  Summ           4%         N/A       71%         3

Your spell library contained the following spells:

 Spells                   Type           Power      Damage    Failure   Level
 Sublimation of Blood     Necr           0%         N/A       77%         2
 Wereblood                Tmut           0%         N/A       77%         2
 Summon Guardian Golem    Hex/Summ       2%         N/A       85%         3
 Summon Hydra             Summ           2%         N/A       100%        7


Dungeon Overview and Level Annotations

Branches:
Dungeon (5/15)
 Temple: D:4-7

Altars:
Trog
Zin
The Shining One

Shops:
D:5 *


Innate Abilities, Weirdness & Mutations

You are partially covered in large bone plates. (SH +4)
You have hidden genetic potential.


Message History

You hit the orc warrior.
The orc warrior is lightly wounded.
The orc warrior hits you with a +0 hand axe!
The orc wizard points at you and mumbles some strange words.
The puff of flame hits you.
You are too injured to fight recklessly!
You are too injured to fight recklessly!
The orc warrior misses you.
You closely miss the orc warrior.
The orc warrior is lightly wounded.
The orc warrior hits you with a +0 hand axe. x2
* * * LOW HITPOINT WARNING * * *
You hit the orc warrior.
The orc warrior is lightly wounded.
You barely miss the orc wizard.
The orc wizard mumbles some strange words.
The orc wizard flickers and vanishes!
Deactivating autopickup; reactivate with Ctrl-A.
The orc warrior barely misses you.
You feel very mighty all of a sudden.
You hear some strange, mumbled words.
Something tries to affect you, but you resist.
The orc warrior hits you with a +0 hand axe.
* * * LOW HITPOINT WARNING * * *
Unknown command.
You barely miss the orc warrior.
The orc warrior is lightly wounded.
You hit something. Something hits you but does no damage.
The orc warrior hits you with a +0 hand axe!
* * * LOW HITPOINT WARNING * * *
Something completely misses you.
Unknown command.
It was a potion of mutation.
You feel extremely strange.
Large bone plates grow over parts of your arms.
You feel a hidden potential growing inside you.
The orc warrior hits you but does no damage.
You hear some strange, mumbled words.
A magic dart appears from out of thin air!
The magic dart hits you.
You die...

#..##.. #..##.. #..##..
########..##.. ..........##.. ##
###########.##.. #..
._.########.##..
.o###.).#.........#.. #∩#@o.#
#######..#.. ##{..### #.)#.#
##...##.# #))#.#
############...###.########..#.#
#........##...####...........#.#
#.##.....#...##.##...........)..
#.##.##<##...#...#.......###.#.#
#.##.##.##.####..#.#####.###.#.#
#.......##.## #..#...........#.#


You could see an orc warrior.

Vanquished Creatures
  Menkaure (D:4)
  A scorpion (D:4)
  2 hounds
  2 adders
  A white imp (D:5)
  An ufetubus (D:2)
  13 orcs
  11 ball pythons
  3 bats
  10 endoplasms
  3 giant cockroaches
  9 goblins
  2 hobgoblins
  9 jackals
  2 quokkas
  A frilled lizard (D:2)
  6 kobolds
  3 rats
80 creatures vanquished.

Notes
Turn   | Place    | Note
-------+----------+-------------------------------------------
     0 | D:1      | sankara the Hill Orc Fighter began the quest for the Orb.
     0 | D:1      | Reached XP level 1. HP: 19/19 MP: 1/1
   201 | D:1      | Reached skill level 3 in Axes
   203 | D:1      | Reached XP level 2. HP: 26/27 MP: 2/2
   654 | D:2      | Learned a level 1 spell: Summon Small Mammal
   776 | D:2      | Reached XP level 3. HP: 33/33 MP: 3/3
  1263 | D:2      | Found a glowing golden altar of the Shining One.
  1632 | D:3      | Reached skill level 4 in Axes
  1632 | D:3      | Reached XP level 4. HP: 40/40 MP: 4/4
  2364 | D:4      | Noticed a scorpion
  2778 | D:4      | Killed a scorpion
  2779 | D:4      | Reached skill level 1 in Summonings
  2779 | D:4      | Reached XP level 5. HP: 40/47 MP: 5/5
  2853 | D:4      | Noticed Menkaure
  2859 | D:4      | Killed Menkaure
  2860 | D:4      | Reached skill level 5 in Axes
  2860 | D:4      | Reached XP level 6. HP: 27/53 MP: 6/6
  3146 | D:4      | Found a glowing silver altar of Zin.
  3714 | D:4      | Learned a level 3 spell: Call Canine Familiar
  3748 | D:5      | Entered Level 5 of the Dungeon
  3748 | D:5      | Found Baaga's General Store.
  4075 | D:5      | Noticed an orc warrior
  4076 | D:5      | Found a bloodstained altar of Trog.
  4087 | D:5      | HP: 2/55 [orc warrior/+0 hand axe (11)]
  4088 | D:5      | Gained mutation: You are partially covered in large bone
                  | plates. (SH +4) [potion of mutation]
  4088 | D:5      | Gained mutation: You have hidden genetic potential. [potion
                  | of mutation]
  4088 | D:5      | Killed from afar by an orc wizard

Illustrated notes

Levels and vault maps discovered:
D:1:      roderic_chinese_lattice_arrival, layout_basic
D:2:      layout_basic, basic_altar
D:3:      layout_loops_ring
D:4:      layout_basic, mainiacjoe_overflow_chevrons, minmay_misc_feat_plants,
          uniq_menkaure
D:5:      layout_loops_ring, nzn_overflow_gifts_of_might_and_magic,
          minmay_temple_entry_statues_fountains, serial_shops, shop

Skill      XL: |  1  2  3  4  5  6 |
---------------+-------------------+-----
Axes           | 3 4 5 |  5.8
Fighting       | 4 |  4.9
Armour         | 4 |  4.4
Summonings     | 1 2 |  2.0
Shields        | 4 |  4.4

Action                   |  1- 3 |  4- 6 || total
-------------------------+-------+-------++-------
Melee: War axe           |   103 |   131 ||   234
  Use: Potion            |       |     2 ||     2
Armor: Scale mail        |    66 |    30 ||    96
       Ring mail         |       |    24 ||    24
Dodge: Dodged            |    55 |    66 ||   121
Block: Buckler           |    32 |    28 ||    60
